 Adventure DCSS version bcrawl-1.34.5 (webtiles) character file.

Game seed: 2684424903697579841

306292 jbasstz the Grappler (level 9, -15/83 HPs)
             Began as a Troll Fighter on Nov 16, 2021.
             Demolished by a red ugly thing (21 damage)
             ... on level 8 of the Dungeon.
             The game lasted 00:45:53 (6217 turns).

jbasstz the Grappler (Troll Fighter)                Turns: 6217, Time: 00:45:53

Health: -15/83     AC: 10    Str: 28    XL:     9   Next: 56%
Magic:  8/8        EV: 11    Int:  5    God:
Gold:   491        SH: 10    Dex: 16    Spells: 8/8 levels left
                                        Lives:  0   Deaths: 2

rFire    . . .     SeeInvis .     - Claws (27.9)
rCold    . . .     Gourm    +   a - +0 medium shield
rNeg     . . .     Faith    .   (armour unavailable)
rPois    .         Spirit   .   (helmet restricted)
rElec    .         Reflect  .   C - +1 cloak
rCorr    .         Harm     .   (gloves unavailable)
MR       .....                  (boots unavailable)
Stlth    ++........             (no amulet)
HPRegen  0.63/turn              D - +6 ring of dexterity
MPRegen  0.11/turn              (no ring)

@: no status effects
A: large, almost no armour, claws 3, fast metabolism 3, gourmand, regeneration
1, AC +8
a: no special abilities


You were on level 8 of the Dungeon.
You were very full.

You visited 1 branch of the dungeon, and saw 8 of its levels.
You also visited: Sewer.

You collected 569 gold pieces.
You spent 78 gold pieces at shops.

Inventory:

Hand Weapons
 c - a +0 club
 j - a +1 scythe of slicing
 G - the +4 flail "Ogrebane" {crush, rN+ SInv Stlth+, unknown}
   (You found it on level 7 of the Dungeon)

   It will always inflict at least some extra damage.
   This minimum extra damage increases with your current reserve of magical
   power.
   It protects you from negative energy.
   It lets you see invisible.
   It makes you more stealthy.
Armour
 a - a +0 medium shield (worn)
 C - a +1 cloak (worn)
Jewellery
 D - a +6 ring of dexterity (left claw)
Wands
 n - a wand of polymorph (8)
 u - a wand of acid (11)
Scrolls
 d - 2 scrolls of blinking
 f - 5 scrolls of teleportation
 g - 3 scrolls of fog
 l - 3 scrolls of magic mapping
 o - a scroll of amnesia
 q - a scroll of noise
 s - 4 scrolls of immolation
 v - a scroll of enchant weapon
 w - 4 scrolls of remove curse
 x - 3 scrolls of enchant armour
 y - a scroll of torment
Potions
 b - a potion of might
 h - a potion of cancellation
 k - 3 potions of heal wounds
 m - 2 potions of curing {unknown}
 p - a potion of haste {unknown}
 r - 2 potions of magic
 t - 3 potions of invisibility
 z - 2 potions of ambrosia {unknown}
 A - a potion of lignification {unknown}
 B - a potion of degeneration
 E - a potion of mutation {unknown}
 F - a potion of agility {unknown}
Comestibles
 e - 6 rations {!d}
 i - a chunk of flesh


   Skills:
 + Level 3.6 Fighting
 + Level 2.0 Maces & Flails
 + Level 6.0 Dodging
 + Level 1.1 Stealth
 + Level 5.0 Shields
 + Level 8.8 Unarmed Combat


You had 8 spell levels left.
You didn't know any spells.
Your spell library contained the following spells:

 Spells                   Type           Power        Failure   Level  Hunger
 Corona                   Hex            #......      91%         1    None
 Ensorcelled Hibernation  Hex/Ice        #.....       97%         2    ####...
 Confuse                  Hex            #.......     100%        3    #####..
 Dazzling Orbs            Conj/Hex       #......      100%        3    #####..
 Tukima's Dance           Hex            #.......     100%        3    #####..
 Cause Fear               Hex            #.........   100%        4    ######.


Dungeon Overview and Level Annotations

Branches:
Dungeon (8/12)             Temple (0/1) D:4
   Lair: D:7-9          Orc: D:8-11

Altars:
Elyvilon
Gozag
Hepliaklqana
Lugonu
Makhleb
Ru
Sif Muna
Xom

Shops:
D:6 ?   D:7 }

Annotations:
D:2 1 runed door


Innate Abilities, Weirdness & Mutations

You cannot wear most types of armour.
Your thick skin is tough. (AC +8)
You are too large for most types of armour.
You have claws for hands.
Your metabolism is lightning-fast.
You like to eat raw meat.
Your natural rate of healing is unusually fast.


Message History

The red ugly thing is heavily wounded.
The red ugly thing misses you.
You barely miss the red ugly thing.
The red ugly thing is moderately wounded.
The red ugly thing kicks you!
You are engulfed in flames!
* * * LOW HITPOINT WARNING * * *
You claw the red ugly thing!
The red ugly thing is severely wounded.
You scratch the red ugly thing.
The red ugly thing is severely wounded.
The red ugly thing kicks you but does no damage.
You claw the red ugly thing!
The red ugly thing is almost dead.
You block the red ugly thing's attack.
You scratch the red ugly thing.
The red ugly thing is almost dead.
The red ugly thing kicks you!
* * * LOW HITPOINT WARNING * * *
You are engulfed in flames!!
You die...

............#<###....
...........'........
#..........#.###.##.
#..........#.###
................
.#..###....#####
#..###....#
#.........#
##@###.<..# #u#
###### #.......#
#........# #.###.##.#
.. ... .# ## ### #


You could see a red ugly thing.

Vanquished Creatures
  A troll (D:7)
  Sigmund (D:2)
  The ghost of RaccoonRonin the Gouger, an amateur FeMA of Wu Jian (D:5)
  An acid dragon (D:7)
  A sky beast (D:4)
  Purgy (Sewer)
  An ice beast (D:5)
  2 phantoms
  3 ogres
  A centaur (D:6)
  3 bullfrogs
  A gnoll sergeant (D:7)
  2 scorpions
  3 howler monkeys
  2 orc priests
  3 crimson imps
  A bullfrog zombie (D:7)
  3 quasits (D:5)
  2 centaur zombies
  2 hounds
  3 jellies
  A bullfrog skeleton (D:6)
  10 worker ants
  Natasha (thrice) (D:4)
  2 hound skeletons
  Robin (D:4)
  A worker ant zombie (D:6)
  3 gnolls (D:7)
  14 adders
  An ooze (D:1)
  An adder skeleton (D:7)
  5 worms
  2 dart slugs (D:2)
  A leopard gecko (D:1)
  18 orcs
  4 giant cockroaches
  11 goblins
  10 hobgoblins
  7 jackals
  9 kobolds
  4 quokkas
  9 bats
  3 frilled lizards
  6 rats
164 creatures vanquished.

Notes
Turn   | Place    | Note
-------+----------+-------------------------------------------
     0 | D:1      | jbasstz the Troll Fighter began the quest for the Orb.
     0 | D:1      | Reached XP level 1. HP: 22/22 MP: 0/0
    73 | D:1      | Reached XP level 2. HP: 28/29 MP: 1/1
   315 | D:1      | You fall into a shaft and drop 1 floor!
   333 | D:2      | Reached XP level 3. HP: 34/36 MP: 2/2
   530 | D:2      | Slain by a worm
   531 | D:2      | Reached XP level 2. HP: -1/29 MP: 1/1
   668 | D:2      | Noticed Sigmund
   721 | D:2      | Killed from afar by Sigmund
   722 | D:2      | Reached XP level 1. HP: -1/22 MP: 0/0
   784 | D:2      | Killed Sigmund
   785 | D:2      | Reached skill level 1 in Maces & Flails
   785 | D:2      | Reached skill level 3 in Unarmed Combat
   785 | D:2      | Reached XP level 2. HP: 2/29 MP: 1/1
   785 | D:2      | Reached XP level 3. HP: 3/36 MP: 2/2
   785 | D:2      | Gained mutation: Your natural rate of healing is unusually
                  | fast. [Troll growth]
   785 | D:2      | Reached XP level 4. HP: 4/44 MP: 3/3
   785 | D:2      | Reached XP level 5. HP: 5/52 MP: 4/4
  1034 | D:2      | Found a runed door.
  1217 | D:3      | Noticed a phantom
  1249 | D:3      | Killed a phantom
  1324 | D:3      | Reached XP level 6. HP: 61/61 MP: 5/5
  1604 | D:3      | Reached skill level 4 in Unarmed Combat
  1643 | D:3      | Found a hazy altar of Hepliaklqana.
  1785 | D:3      | Found a sacrificial altar of Ru.
  1797 | D:3      | Found an opulent altar of Gozag.
  1797 | D:3      | Found a corrupted altar of Lugonu.
  1797 | D:3      | Found a white marble altar of Elyvilon.
  2239 | D:4      | Reached XP level 7. HP: 67/67 MP: 6/6
  2246 | D:4      | Found a staircase to the Ecumenical Temple.
  2303 | D:4      | Reached skill level 5 in Unarmed Combat
  2312 | D:4      | Noticed Robin
  2335 | D:4      | Killed Robin
  2718 | D:4      | Noticed Natasha
  2725 | D:4      | Killed Natasha
  2778 | D:4      | Noticed Natasha
  2786 | D:4      | Killed Natasha
  2859 | D:4      | Reached skill level 6 in Unarmed Combat
  2866 | D:4      | Reached XP level 8. HP: 67/75 MP: 7/7
  3005 | D:4      | Noticed Natasha
  3011 | D:4      | Killed Natasha
  3233 | D:5      | Entered Level 5 of the Dungeon
  3262 | D:5      | Found a burning altar of Makhleb.
  3367 | D:5      | Found a transporter.
  3371 | D:5      | Noticed RaccoonRonin's ghost (amateur FeMA)
  3396 | D:5      | Found a transporter.
  3590 | D:5      | Reached skill level 7 in Unarmed Combat
  3653 | D:5      | Found a glowing drain.
  3692 | Sewer    | Entered a sewer
  3786 | Sewer    | Noticed Purgy
  3791 | Sewer    | Killed Purgy
  4288 | D:5      | Reached skill level 5 in Dodging
  4380 | D:5      | Killed RaccoonRonin's ghost
  4669 | D:6      | Reached XP level 9. HP: 64/83 MP: 8/8
  4789 | D:6      | Found Xaka's Magic Scroll Emporium.
  4798 | D:6      | Bought a scroll of identify for 26 gold pieces
  4798 | D:6      | Bought a scroll of identify for 26 gold pieces
  4798 | D:6      | Bought a scroll of identify for 26 gold pieces
  4908 | D:6      | Found a shimmering blue altar of Sif Muna.
  5203 | D:7      | Found Nanoin's Gadget Shop.
  5240 | D:7      | Got a scorched flail
  5394 | D:7      | Reached skill level 8 in Unarmed Combat
  5706 | D:7      | Found a shimmering altar of Xom.
  5733 | D:7      | Reached skill level 1 in Stealth
  6023 | D:7      | Noticed a troll
  6039 | D:7      | Killed a troll
  6040 | D:7      | Reached skill level 5 in Shields
  6208 | D:8      | Noticed a red ugly thing
  6217 | D:8      | Demolished by a red ugly thing

Skill      XL: |  1  2  3  4  5  6  7  8  9 |
---------------+----------------------------+-----
Maces & Flails | 1 2 |  2.0
Dodging        | 3 4 5 6 |  6.0
Unarmed Combat | 3 4 6 7 8 |  8.8
Fighting       | 3 |  3.6
Shields        | 3 4 5 |  5.0
Stealth        | 1 |  1.1

Action                   |  1- 3 |  4- 6 |  7- 9 || total
-------------------------+-------+-------+-------++-------
Melee: Unarmed           |    33 |   121 |   391 ||   545
       Club              |   147 |       |       ||   147
  Use: Scroll            |       |       |    17 ||    17
 Stab: Sleeping          |       |       |     4 ||     4
  Eat: Chunk             |    16 |    12 |    20 ||    48
       Ration            |     2 |     2 |     6 ||    10
Armor: Skin              |    74 |    41 |   238 ||   353
Dodge: Dodged            |    63 |    29 |   165 ||   257
Block: Medium shield     |   104 |    52 |   217 ||   373
